Map: Aura de mort EC

Players

AGOElazer (Elazer) - Winner!

  • Race: Zerg Zerg
  • League: Master
  • Spawn Location: 5:00

Denver

  • Race: Zerg Zerg
  • League: Grandmaster
  • Spawn Location: 11:00

Event: DreamHack SC2 Masters 2020 Fall

VOD

Have the link to the VOD?

Description

Time

  • Played on: Sept. 6, 2020, 1:52 p.m.
  • Length: 7:12

All games in this series

Show
View Real Time Build Order
Export as new Build Order

AGOElazer Zerg - Winner!

Build Orders: Hatch First, Roach Nydus 

Get SALT Encoding   

  12  0:00  Drone  
  13  0:12  Overlord  
  13  0:17  Drone  
  14  0:30  Drone x2  
  16  0:46  Hatchery  
  15  0:50  Drone  
  15  0:54  Drone  
  17  0:57  Drone  
  18  1:05  Extractor  
  17  1:12  Spawning Pool  
  17  1:15  Drone  
  17  1:18  Drone  
  18  1:27  Drone  
  19  1:39  Drone  
  20  1:49  Drone  
  21  1:58  Queen  
  21  1:59  Drone  
  21  2:00  Drone  
  25  2:05  Lair  
  25  2:09  Drone  
  25  2:10  Overlord  
  26  2:20  Drone  
  26  2:22  Zergling x2  
  28  2:28  Extractor  
  27  2:30  Drone  
  27  2:31  Drone  
  27  2:34  Queen  
  31  2:42  Drone x2  
  33  2:47  Evolution Chamber  
  33  2:50  Roach Warren  
  31  2:53  Drone  
  32  3:03  Nydus Network  
  32  3:05  Queen  
  33  3:06  Overlord  
  33  3:09  Overlord  
  33  3:31  Roach x5  
  43  3:40  Nydus Canal  
  42  3:44  Roach  
  42  3:47  Roach  
  46  3:48  Queen  
  46  3:54  Overlord  
  48  4:02  Nydus Canal  
  48  4:08  Roach  
  50  4:19  Nydus Canal  
  50  4:24  Queen  
  50  4:31  Queen  
  50  4:32  Roach x2  
  52  4:39  Roach  
  52  4:42  Roach  
  52  4:45  Roach  
  46  4:47  Roach  
  48  4:52  Roach  
  48  5:01  Queen  
  48  5:03  Overlord  
  48  5:04  Roach  
  52  5:20  Overlord  
  52  5:21  Queen  
  52  5:25  Roach  
  56  5:34  Roach x2  
  60  5:39  Queen  
  62  5:44  Nydus Canal  
  62  5:47  Roach  
  64  5:52  Roach  
  66  6:01  Roach  
  68  6:09  Overlord  
  68  6:11  Nydus Canal  
  66  6:18  Queen  
  68  6:30  Roach x4  
  76  6:35  Nydus Canal  
  76  6:44  Roach  
  74  6:52  Roach  
Show
View Real Time Build Order
Export as new Build Order

Denver Zerg 

Build Orders: Hatch First 

Get SALT Encoding   

  12  0:00  Drone  
  13  0:12  Overlord  
  13  0:17  Drone  
  14  0:32  Drone x2  
  16  0:48  Hatchery  
  15  0:51  Drone  
  15  0:55  Drone  
  17  0:59  Drone  
  18  1:09  Extractor  
  17  1:14  Spawning Pool  
  17  1:17  Drone  
  17  1:19  Drone  
  18  1:29  Drone  
  19  1:40  Drone  
  20  1:50  Drone  
  21  2:00  Queen x2  
  25  2:01  Overlord  
  25  2:02  Zergling x2  
  26  2:09  Metabolic Boost  
  26  2:10  Drone  
  26  2:13  Drone  
  28  2:21  Zergling x2  
  29  2:23  Drone  
  30  2:35  Hatchery  
  29  2:38  Drone x2  
  31  2:44  Drone  
  31  2:47  Overlord  
  32  2:54  Drone x2  
  33  3:03  Queen, Evolution Chamber  
  34  3:08  Drone x2  
  34  3:12  Drone x2  
  38  3:14  Drone  
  38  3:18  Overlord  
  39  3:21  Drone  
  39  3:23  Drone  
  41  3:30  Zerg Missile Weapons Level 1  
  41  3:33  Drone x2  
  43  3:34  Overlord  
  43  3:41  Roach Warren  
  42  3:44  Zergling x4  
  42  3:45  Zergling x2  
  45  3:49  Zergling x4  
  45  3:50  Drone  
  45  3:52  Drone  
  45  3:53  Drone  
  45  3:55  Drone  
  51  3:57  Zergling x2  
  51  3:58  Zergling x2  
  53  4:04  Zergling x2  
  53  4:07  Zergling x2  
  53  4:10  Zergling x4  
  53  4:15  Zergling x8  
  55  4:23  Zergling x6  
  54  4:32  Zergling x4  
  48  4:40  Zergling x6  
  43  4:47  Drone x3  
  43  4:52  Drone  
  47  4:56  Drone  
  47  4:58  Drone  
  49  5:03  Drone  
  50  5:09  Drone x2  
  50  5:10  Lair  
  52  5:15  Drone  
  52  5:16  Overlord  
  52  5:19  Extractor  
  52  5:20  Extractor  
  51  5:23  Drone x2  
  51  5:28  Drone x4  
  53  5:31  Overlord  
  56  5:41  Overlord  
  56  5:44  Overlord  
  56  5:46  Drone x5  
  56  5:49  Overlord  
  61  5:58  Roach  
  61  6:01  Roach  
  61  6:02  Roach  
  67  6:05  Roach x3  
  67  6:07  Overlord  
  67  6:10  Roach  
  73  6:13  Roach  
  73  6:16  Roach  
  76  6:23  Roach x3  
  82  6:28  Roach x2  
  82  6:35  Roach  
  72  6:50  Roach x5  

Tags
 
Add a new tag
Caveats
  • Supply blocks, unpowered buildings, or Contaminate may cause inaccurate times.
  • Supply counts are checked every 10 seconds.